 Dungeon Crawl Stone Soup version 0.31.0-32-g396128a36d (webtiles) character file.

Game seed: 9055220228022927941

485 middlethird the Magician (level 7, -6/35 HPs)
             Began as a Vine Stalker Ice Elementalist on Apr 13, 2024.
             Mangled by an ice beast (12 damage)
             ... on level 5 of the Dungeon.
             The game lasted 00:10:36 (999 turns).

middlethird the Magician (VSIE)                      Turns: 999, Time: 00:10:37

Health: -6/35      AC: 10    Str: 10    XL:     7   Next: 13%
Magic:  0/18       EV: 12    Int: 17    God:
Gold:   172        SH:  0    Dex: 15    Spells: 9/19 levels left

rFire   . . .        y - +2 whip (elec)
rCold   . . .        (no shield)
rNeg    . . .        a - +0 robe
rPois   .            (no helmet)
rElec   .            s - +0 cloak
rCorr   .            l - +0 pair of gloves
SInv    .            (no boots)
Will    .....        (no amulet)
Stlth   ++           (no ring)
HPRegen 1.05/turn    (no ring)
MPRegen 0.16/turn

%: guardian spirit
@: ice-armoured
A: fangs 2, regeneration 1, magic shield, antimagic bite, no potion heal 2
a: no special abilities


You were on level 5 of the Dungeon.
You visited 1 branch of the dungeon, and saw 5 of its levels.
You also visited: Sewer.

You collected 172 gold pieces.

Inventory:

Hand Weapons
 d - a +0 dagger
 h - a +0 short sword
 v - a +1 whip of flaming
 y - a +2 whip of electrocution (weapon)
 z - a +3 spear
Missiles
 k - 5 boomerangs
 r - 12 poisoned darts
Armour
 a - a +0 robe (worn)
 l - a +0 pair of gloves (worn)
 s - a +0 cloak (worn)
Magical Staves
 j - a staff of alchemy
Scrolls
 c - a scroll of summoning {unknown}
 g - a scroll of vulnerability {unknown}
 m - a scroll of blinking {unknown}
 p - a scroll of acquirement {unknown}
 u - a scroll of identify {unknown}
 x - a scroll of enchant armour {unknown}
Potions
 b - a potion of magic
 e - a potion of cancellation {unknown}
 f - a potion of heal wounds
 i - a potion of might {unknown}
 n - 3 potions of curing
 o - a potion of lignification {unknown}
 q - a potion of haste {unknown}
 t - a potion of berserk rage {unknown}
 w - 2 potions of enlightenment


   Skills:
 + Level 2.1 Fighting
 - Level 2.0 Dodging
 - Level 3.0 Stealth
 + Level 6.8 Spellcasting
 - Level 4.0 Ice Magic


You had 9 spell levels left.
You knew the following spells:

 Your Spells              Type           Power      Damage    Failure   Level
f - Freeze                Ice            76%        1d8       2%          1
g - Frozen Ramparts       Ice            38%        1d6       7%          3
h - Ozocubu's Armour      Ice            19%        N/A       7%          3
i - Summon Ice Beast      Ice/Summ       12%        N/A       16%         3

Your spell library contained the following spells:

 Spells                   Type           Power      Damage    Failure   Level


Dungeon Overview and Level Annotations

Branches:
Dungeon (5/15)              Sewer (visited)
 Temple: D:4-7

Altars:


Innate Abilities, Weirdness & Mutations

You have extremely sharp teeth.
Your natural rate of healing is unusually fast.
When hurt, damage is shared between your health and your magic reserves.
Your bite disrupts and absorbs the magic of your enemies.
Potions cannot restore your health.


Message History

The ice beast hits you. The ice beast freezes you.
You barely miss the ice beast.
The ice beast is lightly wounded.
The ice beast completely resists.
The wall freezes the ice beast but does no damage.
The ice beast barely misses you.
You hit the ice beast. Your bite misses the ice beast.
The ice beast is moderately wounded.
The ice beast completely resists.
The wall freezes the ice beast but does no damage.
The ice beast closely misses you.
The ice beast completely resists.
The wall freezes the ice beast but does no damage.
The ice beast hits you. The ice beast freezes you!
You hit the ice beast.
Lightning courses through the ice beast!
The ice beast is heavily wounded.
The wall freezes the ice beast but does no damage.
The ice beast barely misses you.
You closely miss the ice beast. Your bite misses the ice beast.
The ice beast is heavily wounded.
The frozen ramparts melt away.
The ice beast hits you but does no damage.
You hit the ice beast.
The ice beast is severely wounded.
The ice beast hits you but does no damage.
You hit the ice beast.
The ice beast is severely wounded.
The ice beast hits you. The ice beast freezes you!
* * * LOW HITPOINT WARNING * * *
You barely miss the ice beast.
You bite the ice beast, but do no damage.
The ice beast is severely wounded.
The ice beast closely misses you.
Unknown command.
You whack the ice beast!
The ice beast is almost dead.
The ice beast hits you.
* * * LOW HITPOINT WARNING * * *
The ice beast freezes you!
You die...

#..... #..... # #.... .
#... .## #.### ..##
###...# ...##
##.#...######.##.
....####...†....@Y......
..<.'))....#.###.###.#..
....####...#.# ....
...## ##..###.#.#.# ..##
#............ .##
#..###.#.# ### ## #..#
#.# # #..# #.# # #...


You could see an ice beast.

Vanquished Creatures
  An ogre (D:5)
  A kobold brigand (Sewer)
  A jelly (D:5)
  A bombardier beetle (D:5)
  2 hounds
  A gnoll bouda (D:5)
  An orc priest (D:3)
  4 gnolls (D:5)
  7 adders
  A dart slug (D:4)
  3 orcs (D:3)
  A ball python (D:4)
  3 endoplasms (D:4)
  4 giant cockroaches
  A goblin (D:4)
  3 hobgoblins
  2 jackals (Sewer)
  7 kobolds
  2 quokkas
  A bat (D:2)
  A frilled lizard (D:1)
  6 rats
54 creatures vanquished.

Notes
Turn   | Place    | Note
-------+----------+-------------------------------------------
     0 | D:1      | middlethird the Vine Stalker Ice Elementalist began the
                  | quest for the Orb.
     0 | D:1      | Reached XP level 1. HP: 9/9 MP: 4/4
   165 | D:2      | Reached XP level 2. HP: 13/13 MP: 1/6
   289 | D:3      | Reached skill level 3 in Spellcasting
   289 | D:3      | Reached XP level 3. HP: 16/16 MP: 0/8
   293 | D:3      | Learned a level 3 spell: Frozen Ramparts
   297 | D:3      | Learned a level 3 spell: Ozocubu's Armour
   372 | D:4      | Reached XP level 4. HP: 8/21 MP: 0/10
   443 | D:4      | Reached skill level 4 in Spellcasting
   488 | D:4      | Reached skill level 1 in Fighting
   511 | D:3      | Reached XP level 5. HP: 26/26 MP: 3/12
   621 | D:4      | Learned a level 3 spell: Summon Ice Beast
   622 | D:5      | Entered Level 5 of the Dungeon
   669 | D:5      | Found a glowing drain.
   725 | Sewer    | Entered a sewer
   768 | Sewer    | Noticed a kobold brigand
   802 | Sewer    | Killed a kobold brigand
   803 | Sewer    | Reached skill level 5 in Spellcasting
   803 | Sewer    | Reached XP level 6. HP: 28/30 MP: 2/14
   835 | Sewer    | Found a white marble altar of Elyvilon.
   937 | D:5      | Reached skill level 6 in Spellcasting
   962 | D:5      | Reached XP level 7. HP: 33/35 MP: 0/17
   999 | D:5      | Mangled by an ice beast

Illustrated notes

Levels and vault maps discovered:
D:1:      dpeg_arrival_subterranean_lakeside_camping, layout_basic,
          shapermc_ecumenical_altar_hornbeckon
D:2:      layout_loops_ring, uniq_terence
D:3:      layout_loops_ring, corexii_hall_statues_t
D:4:      layout_rooms
D:5:      layout_loops_corners, bloody_makhleb, amethyst_overflow_temple_binary,
          gup_sewer_entry_glass, minmay_misc_feat_roman

Skill      XL: |  1  2  3  4  5  6 |
---------------+-------------------+-----
Dodging        | 2 |  2.0
Stealth        | 3 |  3.0
Spellcasting   | 3 4 5 6 |  6.8
Fighting       | 2 |  2.1
Ice Magic      | |  4.0

Action                     |  1- 3 |  4- 6 |  7- 9 || total
---------------------------+-------+-------+-------++-------
  Melee: Dagger            |     6 |       |       ||     6
         Bite              |     1 |    14 |     5 ||    20
         Short sword       |     9 |    33 |       ||    42
         Whip              |       |    13 |    14 ||    27
   Cast: Freeze            |    16 |     8 |       ||    24
         Frozen Ramparts   |     1 |    10 |     1 ||    12
         Ozocubu's Armour  |       |     5 |     1 ||     6
    Use: Potion            |       |     1 |       ||     1
   Stab: Sleeping          |     2 |     1 |       ||     3
 Armour: Robe              |    10 |    52 |     8 ||    70
  Dodge: Dodged            |    20 |    48 |     6 ||    74
